 Dungeon Crawl Stone Soup version 0.21.1-1-g345015f (webtiles) character file.

1740 Lorn the Cleaver (level 8, -3/74 HPs)
             Began as a Deep Dwarf Berserker on Mar 16, 2018.
             Was an Elder of Trog.
             Killed by divine providence
             ... invoked by an orc priest
              (10 damage)
             ... on level 6 of the Dungeon.
             The game lasted 00:22:31 (4953 turns).

Lorn the Cleaver (Deep Dwarf Berserker)             Turns: 4953, Time: 00:22:31

Health: -3/74      AC: 12    Str: 23    XL:     8   Next: 77%
Magic:  0/0        EV: 10    Int:  8    God:    Trog [****..]
Gold:   236        SH:  0    Dex: 12    Spells: 7/7 levels left

rFire    x . .     SeeInvis .   a - +0 hand axe
rCold    + . .     Gourm    .   (no shield)
rNeg     . . .     Faith    +   b - +1 chain mail
rPois    .         Spirit   .   (no helmet)
rElec    .         Reflect  .   (no cloak)
rCorr    .         Harm     .   s - +0 pair of gloves
MR       ++...                  (no boots)
Stlth    ..........             n - amulet of faith
HPRegen  0.00/turn              f - ring of protection from magic
MPRegen  0.07/turn              w - ring of ice

@: lethally poisoned (-3 -> -3), non-regenerating
A: damage resistance, heal wounds, sense surroundings 1, no regeneration
a: Heal Wounds, Berserk, Trog's Hand, Brothers in Arms, Burn Spellbooks,
Renounce Religion


You were on level 6 of the Dungeon.
You worshipped Trog.
Trog was greatly pleased with you.
You were not hungry.

You visited 2 branches of the dungeon, and saw 7 of its levels.

You collected 236 gold pieces.

Inventory:

Hand Weapons
 a - a +0 hand axe (weapon)
 x - a +2 vampiric war axe
Missiles
 u - a throwing net (quivered)
Armour
 b - a +1 chain mail (worn)
 s - a +0 pair of gloves (worn)
Jewellery
 f - a ring of protection from magic (left hand)
 n - an amulet of faith (around neck)
 o - an uncursed amulet of rage {unknown}
 w - a ring of ice (right hand)
Wands
 r - a wand of iceblast (6)
Scrolls
 g - 3 scrolls of teleportation
 h - 2 scrolls of enchant armour
 l - 6 scrolls of identify
Potions
 e - a potion of heal wounds {unknown}
 i - 2 potions of berserk rage {unknown}
 j - 3 potions of agility {unknown}
 k - 2 potions of degeneration {unknown}
 p - a potion of brilliance {unknown}
 q - 4 potions of curing
 v - a potion of lignification {unknown}
 z - a potion of might {unknown}
Comestibles
 c - 6 rations
 m - 2 chunks of flesh


   Skills:
 + Level 5.2 Fighting
 + Level 9.1 Axes
 + Level 6.1 Armour
 + Level 4.0 Dodging
 + Level 2.7 Stealth


You had 7 spell levels left.
You didn't know any spells.

Dungeon Overview and Level Annotations

Branches:
Dungeon (6/15)             Temple (1/1) D:5

Altars:
Ashenzari
Cheibriados
Dithmenos
Elyvilon
Gozag
Hepliaklqana
Kikubaaqudgha
Nemelex Xobeh
Okawaru
Qazlal
Ru
Sif Muna
Trog
Uskayaw
Vehumet
Wu Jian
Xom
Zin
The Shining One


Innate Abilities, Weirdness & Mutations

You are resistant to damage.
You can heal yourself by infusing magical energy.
You passively map a small area around you.
You do not regenerate.


Message History

An orc comes into view. It is wielding a dagger.
An orc wizard comes into view. It is wielding a dagger.
The orc wizard shouts!
The orc shouts!
Found a stone staircase leading up.
An orc comes into view. It is wielding a short sword.
You fail to use your ability.
You fail to use your ability.
Something hits you but does no damage. The orc hits you with a flail of venom.
Something hits you but does no damage.
The orc wizard begins to cast a cantrip, but forgets the words!
Something hits you.
You hear some strange, mumbled words.
A puff of flame appears from out of thin air!
The puff of flame hits you! The fire burns you terribly!
* * * LOW HITPOINT WARNING * * *
You fail to use your ability.
The orc hits you but does no damage.
You are poisoned.
The orc priest invokes the aid of Beogh against you.
Beogh smites you!
You die...

#.## *.###......# *
#..##..* #.# ##.# ,
##..#.# #.# *.. ##.##
##.#.# .. , .>..#
#...##..# **#..#
##.##...# **
##..###.....### , ,,
#........#### , o *
#........@## ...
#.......#o{######.....
#.........ooo........<
#........###oo........
#.......## #####...?..
####...##### *#.....
#.....## *.....,
#....### * , ....
###### *,, ,,...


You could see an orc priest, an orc wizard and 4 orcs.

Vanquished Creatures
  The ghost of jazmu the Stinger, an amateur OpTm (D:3)
  An ice beast (D:6)
  A hornet zombie (D:5)
  4 ogres (D:4)
  A phantom (D:4)
  Blork the orc (D:4)
  2 bullfrogs (D:6)
  A water moccasin skeleton (D:4)
  3 crimson imps (D:5)
  2 hounds
  An orc priest (D:4)
  A bullfrog skeleton (D:5)
  A gnoll shaman (D:4)
  An iguana (D:4)
  Ijyb (D:3)
  An orc wizard (D:4)
  7 worker ants
  5 gnolls (D:4)
  7 adders
  An adder skeleton (D:4)
  4 leopard geckos
  2 orcs
  6 bats
  6 giant cockroaches
  6 goblins
  7 hobgoblins
  9 jackals
  14 kobolds
  A ball python (D:3)
  A ball python skeleton (D:5)
  3 frilled lizards
  8 rats
110 creatures vanquished.

Vanquished Creatures (collateral kills)
  An ice beast (D:5)
1 creature vanquished.

Grand Total: 111 creatures vanquished

Notes
Turn   | Place    | Note
-------+----------+-------------------------------------------
     0 | D:1      | Lorn the Deep Dwarf Berserker began the quest for the Orb.
     0 | D:1      | Reached XP level 1. HP: 20/20 MP: 1/1
   121 | D:1      | Reached XP level 2. HP: 22/27 MP: 2/2
   318 | D:1      | Reached ** piety under Trog
   360 | D:1      | Reached XP level 3. HP: 34/34 MP: 2/2
   553 | D:2      | Reached skill level 4 in Axes
   895 | D:2      | Reached skill level 1 in Stealth
   938 | D:2      | Reached XP level 4. HP: 40/42 MP: 3/3
  1417 | D:3      | Noticed jazmu's ghost (amateur OpTm)
  1434 | D:3      | Killed jazmu's ghost
  1434 | D:3      | Reached skill level 5 in Axes
  1434 | D:3      | Reached XP level 5. HP: 42/50 MP: 4/4
  1557 | D:3      | Noticed Ijyb
  1596 | D:3      | Killed Ijyb
  1596 | D:3      | Reached XP level 6. HP: 50/57 MP: 4/4
  1768 | D:3      | Reached *** piety under Trog
  2257 | D:4      | Found an opulent altar of Gozag.
  2409 | D:4      | Reached skill level 6 in Axes
  2412 | D:4      | Reached XP level 7. HP: 64/64 MP: 3/3
  2616 | D:4      | Reached skill level 7 in Axes
  2926 | D:4      | Found a snail-covered altar of Cheibriados.
  2978 | D:4      | Noticed Blork the orc
  2996 | D:4      | Killed Blork the orc
  2996 | D:4      | Reached XP level 8. HP: 73/73 MP: 2/2
  3184 | D:4      | Reached skill level 5 in Armour
  3450 | D:5      | Entered Level 5 of the Dungeon
  3476 | D:5      | Reached skill level 8 in Axes
  3526 | D:5      | Found a sacrificial altar of Ru.
  3584 | D:5      | Reached **** piety under Trog
  3689 | D:5      | Found a staircase to the Ecumenical Temple.
  3789 | Temple   | Entered the Ecumenical Temple
  4487 | D:5      | Reached skill level 5 in Fighting
  4894 | D:6      | Reached skill level 9 in Axes
  4953 | D:6      | Killed from afar by an orc priest

Skill      XL: |  1  2  3  4  5  6  7  8 |
---------------+-------------------------+-----
Fighting       | 3 4 5 |  5.2
Axes           | 4 5 6 7 9 |  9.1
Stealth        | 1 2 |  2.7
Armour         | 3 4 6 |  6.1
Dodging        | 3 4 |  4.0

Action                   |  1- 3 |  4- 6 |  7- 9 || total
-------------------------+-------+-------+-------++-------
Melee: Hand axe          |    93 |   139 |   288 ||   520
Invok: Berserk           |       |     3 |     3 ||     6
       Trog's Hand       |       |     1 |       ||     1
       Brothers in Arms  |       |       |     1 ||     1
 Abil: Heal Wounds       |     2 |     5 |     6 ||    13
  Use: Scroll            |       |       |    10 ||    10
 Stab: Sleeping          |       |     2 |       ||     2
  Eat: Chunk             |       |     3 |     9 ||    12
       Ration            |       |     1 |     2 ||     3
Armor: Leather armour    |    46 |    19 |       ||    65
       Chain mail        |       |    35 |   148 ||   183
Dodge: Dodged            |   112 |    91 |   151 ||   354
